Map: [ESL] Dragon Scales

Players

Has - Winner!

  • Race: Protoss Protoss
  • Spawn Location: 11:00

Oriana

  • Race: Terran Terran
  • Spawn Location: 5:00

Event: ESL SC2 Masters 2023 Summer (Regionals)

VOD

Have the link to the VOD?

Description

Time

  • Played on: May 11, 2023, 8:29 a.m.
  • Length: 7:13

All games in this series

Show
View Real Time Build Order
Export as new Build Order

Has Protoss - Winner!

Build Orders: 1 Gate Expand, Phoenix Opening, Blink Stalkers 

Get SALT Encoding   

  12  0:00  Probe  
  13  0:12  Probe  
  14  0:17  Pylon  
  14  0:24  Probe (Chrono Boost)  
  16  0:36  Gateway  
  16  0:37  Probe (Chrono Boost)  
  16  0:42  Assimilator  
  16  0:43  Probe  
  17  0:55  Probe  
  18  1:07  Probe  
  19  1:20  Probe  
  19  1:23  Cybernetics Core  
  20  1:32  Nexus  
  20  1:39  Pylon  
  20  1:43  Assimilator  
  20  1:46  Probe  
  21  1:58  Probe, Stalker (Chrono Boost)  
  24  2:10  Probe  
  25  2:15  Stargate  
  26  2:22  Probe  
  26  2:24  Stalker  
  28  2:33  Warp Gate  
  28  2:35  Probe (Chrono Boost)  
  30  2:45  Probe (Chrono Boost)  
  30  2:47  Probe (Chrono Boost)  
  32  2:54  Probe x2 (Chrono Boost)  
  33  2:59  Phoenix  
  33  3:00  Probe  
  33  3:01  Probe  
  37  3:12  Probe (Chrono Boost)  
  38  3:13  Twilight Council  
  38  3:15  Probe (Chrono Boost)  
  38  3:19  Gateway  
  39  3:24  Probe (Chrono Boost), Gateway  
  41  3:30  Probe (Chrono Boost)  
  41  3:32  Probe (Chrono Boost)  
  42  3:40  Probe  
  42  3:43  Probe  
  42  3:46  Stalker  
  42  3:47  Blink (Chrono Boost)  
  45  3:48  Pylon  
  45  3:52  Probe  
  46  4:06  Probe x2, Pylon  
  48  4:18  Probe x2  
  50  4:25  Gateway, Stalker x2  
  50  4:26  Stalker  
  50  4:28  Assimilator  
  50  4:29  Pylon  
  50  4:30  Probe  
  57  4:33  Probe  
  58  4:50  Stalker  
  58  4:51  Stalker x2  
  64  4:53  Nexus  
  64  4:56  Pylon  
  64  5:02  Probe  
  64  5:03  Probe  
  64  5:05  Pylon  
  66  5:14  Stalker x3  
  72  5:23  Stalker  
  72  5:25  Probe x2  
  72  5:27  Robotics Facility  
  76  5:37  Probe x2  
  76  5:42  Stalker x2  
  82  5:43  Stalker  
  82  5:49  Probe x2  
  84  6:01  Probe x2  
  86  6:06  Probe  
  86  6:07  Stalker x2  
  86  6:08  Stalker x2  
  91  6:13  Probe x2  
  91  6:22  Probe  
  91  6:25  Probe x2  
  94  6:28  Pylon  
  94  6:29  Assimilator  
  94  6:30  Pylon  
  94  6:34  Probe  
  94  6:37  Probe x2  
  97  6:43  Warp Prism (Chrono Boost)  
  97  6:47  Probe  
  100  6:48  Pylon  
  100  6:49  Probe  
  100  6:51  Templar Archives  
  93  7:03  Stalker x3  
  93  7:07  Gateway  
  94  7:10  Gateway  
  94  7:12  Gateway  
Show
View Real Time Build Order
Export as new Build Order

Oriana Terran 

Build Orders: Reaper Expand 

Get SALT Encoding   

  12  0:00  SCV  
  13  0:12  SCV  
  14  0:17  Supply Depot  
  14  0:24  SCV  
  15  0:38  SCV  
  15  0:40  Barracks  
  16  0:43  Refinery  
  16  0:50  SCV  
  17  1:03  SCV  
  18  1:15  SCV  
  19  1:27  Orbital Command, Reaper  
  20  1:38  Command Center  
  20  1:47  Supply Depot  
  20  1:54  SCV  
  21  1:59  Marine  
  22  2:06  SCV  
  23  2:08  Factory  
  23  2:14  Bunker  
  23  2:18  SCV  
  23  2:20  Barracks Reactor  
  24  2:26  Refinery  
  24  2:30  SCV  
  25  2:42  SCV  
  26  2:51  Orbital Command  
  26  2:53  Hellion  
  26  2:55  SCV  
  26  2:56  Starport  
  29  3:00  Marine x2  
  31  3:07  SCV  
  32  3:14  Widow Mine  
  32  3:15  Supply Depot  
  34  3:20  SCV x2  
  34  3:21  Marine x2  
  38  3:32  SCV x2  
  42  3:41  Factory Tech Lab  
  42  3:45  SCV x2, Viking  
  42  3:46  Marine x2  
  44  3:52  Supply Depot  
  44  3:57  SCV x2  
  44  4:00  Cyclone  
  44  4:02  Barracks  
  49  4:10  SCV x2, Marine  
  49  4:11  Marine  
  49  4:15  Supply Depot  
  53  4:17  Starport Tech Lab  
  53  4:23  SCV x2, Supply Depot  
  54  4:28  Barracks  
  54  4:29  Marine x2  
  56  4:39  Raven  
  56  4:41  SCV x2  
  56  4:43  Engineering Bay  
  56  4:44  Refinery  
  60  4:48  Supply Depot  
  60  4:49  Marine x2  
  62  4:54  SCV x2  
  62  4:56  Supply Depot  
  62  4:57  Stimpack  
  62  4:58  Marine  
  65  5:07  SCV  
  65  5:08  SCV  
  65  5:09  Terran Infantry Weapons Level 1  
  65  5:12  Marine x2  
  65  5:13  Supply Depot  
  69  5:20  SCV x2  
  69  5:23  Marauder  
  69  5:25  Starport Reactor  
  69  5:26  Refinery  
  71  5:29  Barracks  
  71  5:31  Barracks  
  71  5:32  SCV x2  
  71  5:34  Marine x2  
  72  5:39  Marauder  
  71  5:43  Factory Tech Lab  
  71  5:45  Marauder  
  69  5:51  Starport Reactor  
  69  5:53  SCV x2  
  62  6:00  Marine  
  62  6:01  Marine, Marauder  
  62  6:02  Siege Tank  
  45  6:11  Marauder  
  45  6:14  SCV x2  
  44  6:18  Marine x3  
  41  6:38  Marine x2  
  43  6:42  Marine x3  
  43  6:47  Marine  
Tags
 
Add a new tag
Caveats
  • Supply blocks, unpowered buildings, or Contaminate may cause inaccurate times.
  • Supply counts are checked every 10 seconds.